 Dungeon Crawl Stone Soup version 0.25-a0-42-g6c54e25894 (webtiles) character file.

Game seed: 17693431840846501999, levelgen mode: deterministic

212 MisterFreud the Ruffian (level 5, -1/48 HPs)
             Began as a Troll Hunter on Oct 22, 2019.
             Slain by an ogre
             ... wielding a +0 giant club
              (13 damage)
             ... on level 4 of the Dungeon.
             The game lasted 00:04:24 (1924 turns).

MisterFreud the Ruffian (Troll Hunter)              Turns: 1924, Time: 00:04:24

Health: -1/48      AC:  7    Str: 21    XL:     5   Next: 58%
Magic:  4/4        EV: 10    Int:  7    God:
Gold:   159        SH:  0    Dex: 10    Spells: 4/4 levels left

rFire    . . .     SeeInvis .     - Unarmed
rCold    . . .     Gourm    +   (no shield)
rNeg     . . .     Faith    .   b - +1 robe
rPois    .         Spirit   .   (helmet restricted)
rElec    .         Reflect  .   (no cloak)
rCorr    .         Harm     .   (gloves unavailable)
MR       .....                  (boots unavailable)
Stlth    +.........             (no amulet)
HPRegen  0.56/turn              (no ring)
MPRegen  0.09/turn              (no ring)

@: no status effects
A: large, unfitting armour, claws 3, fast metabolism 3, gourmand, regeneration
1, shaggy fur 1, tough skin 3
a: no special abilities


You were on level 4 of the Dungeon.
You were completely stuffed.

You visited 1 branch of the dungeon, and saw 4 of its levels.

You collected 159 gold pieces.

Inventory:

Missiles
 a - 122 stones
 c - 5 large rocks (quivered)
 d - 2 throwing nets
 g - 29 poisoned darts
Armour
 b - a +1 robe (worn)
Wands
 j - a wand of random effects (17)
Scrolls
 e - 2 scrolls of remove curse
 l - a scroll of fog
Potions
 h - a potion of cancellation
 i - a potion of lignification
 k - 2 potions of berserk rage {unknown}
 m - a potion of curing {unknown}
 n - a potion of agility {unknown}
Comestibles
 f - 7 rations


   Skills:
 - Level 1.5 Fighting
 - Level 3.6 Throwing
 - Level 1.5 Dodging
 - Level 0.3 Stealth
 + Level 5.4 Unarmed Combat


You had 4 spell levels left.
You didn't know any spells.
Your spell library was empty.

Dungeon Overview and Level Annotations

Branches:
Dungeon (4/15)
 Temple: D:4-7

Altars:
Gozag


Innate Abilities, Weirdness & Mutations

You are too large for most types of armour.
You have claws for hands.
Your metabolism is lightning-fast.
You like to eat raw meat.
Your natural rate of healing is unusually fast.
You are covered in fur. (AC +1)
You have extremely tough skin. (AC +3)


Message History

An ogre comes into view. It is wielding a +0 giant club.
Found a stone staircase leading down.
There is a stone staircase leading up here.
The helpless ogre fails to defend itself.
You scratch the ogre.
The ogre is lightly wounded.
You claw the ogre!
The ogre is heavily wounded.
The ogre hits you with a +0 giant club!!
Ouch! That really hurt!
You are too injured to fight recklessly!
You are too injured to fight recklessly!
You claw the ogre!
The ogre is severely wounded.
The ogre hits you with a +0 giant club!
* * * LOW HITPOINT WARNING * * *
You scratch the ogre but do no damage. Your claw misses the ogre.
The ogre is severely wounded.
The ogre hits you with a +0 giant club!
You die...

########
##......##
#.@O.....#
#..........
#..........
#..........
#.......>..
#..........
##........#
#........#


You could see an ogre.

Vanquished Creatures
  Jessica (D:3)
  A worker ant (D:3)
  Robin (D:1)
  3 adders (D:2)
  4 gnolls
  4 worms
  A dart slug (D:3)
  A leopard gecko (D:3)
  An orc (D:3)
  4 giant cockroaches
  14 goblins
  13 hobgoblins
  3 jackals (D:1)
  6 kobolds
  8 bats
  2 frilled lizards (D:1)
  5 rats
72 creatures vanquished.

Notes
Turn   | Place    | Note
-------+----------+-------------------------------------------
     0 | D:1      | MisterFreud the Troll Hunter began the quest for the Orb.
     0 | D:1      | Reached XP level 1. HP: 19/19 MP: 0/0
   105 | D:1      | Reached skill level 1 in Unarmed Combat
   153 | D:1      | Reached XP level 2. HP: 21/27 MP: 1/1
   190 | D:1      | Reached skill level 2 in Unarmed Combat
   638 | D:1      | Reached XP level 3. HP: 27/33 MP: 2/2
   733 | D:2      | Noticed Robin
   884 | D:1      | Reached skill level 3 in Unarmed Combat
   905 | D:1      | Killed Robin
   965 | D:2      | Reached XP level 4. HP: 41/41 MP: 3/3
  1118 | D:2      | Reached skill level 4 in Unarmed Combat
  1570 | D:3      | Reached XP level 5. HP: 39/48 MP: 4/4
  1687 | D:3      | Reached skill level 5 in Unarmed Combat
  1734 | D:3      | Found an opulent altar of Gozag.
  1766 | D:3      | Noticed Jessica
  1768 | D:3      | Killed Jessica
  1920 | D:4      | Noticed an ogre
  1924 | D:4      | Slain by an ogre

Levels and vault maps discovered:
D:1:      dpeg_arrival_rooms_b, layout_loops_ring
D:2:      layout_rooms, nrook_mini_backslash, uniq_robin
D:3:      layout_basic, grunt_gozag_breadcrumbs, uniq_jessica
D:4:      layout_rooms, first_ration, chequers_serial_rivers_large_b

Skill      XL: |  1  2  3  4  5 |
---------------+----------------+-----
Unarmed Combat | 1 2 3 4 5 |  5.4
Fighting       | |  1.5
Throwing       | |  3.6
Dodging        | |  1.5
Stealth        | |  0.3

Action                   |  1- 3 |  4- 6 || total
-------------------------+-------+-------++-------
Melee: Unarmed           |   112 |   112 ||   224
       Punch             |       |     1 ||     1
  Use: Scroll            |     2 |     4 ||     6
 Stab: Sleeping          |       |     2 ||     2
  Eat: Chunk             |    14 |     9 ||    23
Armor: Robe              |    53 |    53 ||   106
Dodge: Dodged            |    73 |    74 ||   147

Table legend:
 A = Non-vault XP
 B = Vault XP
 C = Vault XP percentage of total XP
 D = Non-vault monster count
 E = Vault monster count
 F = Vault count percentage of total count
                 A         B        C        D         E       F
            +---------+---------+-------+---------+---------+-------
      Total |     233 |      71 |  23.4 |      60 |      12 |  16.7
            +---------+---------+-------+---------+---------+-------
        D:1 |      44 |      30 |  40.5 |      25 |       9 |  26.5
        D:2 |      75 |       4 |   5.1 |      14 |       2 |  12.5
        D:3 |     114 |      37 |  24.5 |      21 |       1 |   4.5
            +---------+---------+-------+---------+---------+-------
